 Dungeon Crawl Stone Soup version 0.31-a0-148-gb92c8fe61f (webtiles) character file.

Game seed: 18343034940304417386

65 qw the Shooter (level 3, -2/31 HPs)
             Began as a Minotaur Hunter on June 7, 2023.
             Slain by an orc
             ... wielding a +0 dagger
              (3 damage)
             ... on level 3 of the Dungeon.
             The game lasted 00:00:40 (1623 turns).

qw the Shooter (Minotaur Hunter)                    Turns: 1623, Time: 00:00:40

Health: -2/31      AC:  8    Str: 15    XL:     3   Next: 92%
Magic:  2/2        EV: 11    Int:  6    God:
Gold:   10         SH:  0    Dex: 15    Spells: 2/2 levels left

rFire   . . .        Y - +0 shortbow
rCold   . . .        (shield currently unavailable)
rNeg    . . .        e - +0 ring mail
rPois   .            (helmet restricted)
rElec   .            h - +0 cloak
rCorr   .            g - +0 pair of gloves
SInv    .            k - +0 pair of boots
Will    .....        (no amulet)
Stlth   +            (no ring)
HPRegen 0.25/turn    (no ring)
MPRegen 0.08/turn

%: no passive effects
@: no status effects
A: horns 2, retaliatory headbutt
a: no special abilities


You were on level 3 of the Dungeon.
You visited 1 branch of the dungeon, and saw 3 of its levels.

You collected 96 gold pieces.
You spent 86 gold pieces at shops.


Innate Abilities, Weirdness & Mutations

You have a pair of horns on your head.
You reflexively headbutt those who attack you in melee.


   Skills:
 - Level 3.0 Fighting
 + Level 5.7 Ranged Weapons
 - Level 1.0 Armour
 - Level 2.1 Dodging
 - Level 0.7 Stealth


You had 2 spell levels left.
You didn't know any spells.
Your spell library was empty.

Inventory:

Hand Weapons
 Y - a +0 shortbow (weapon)
Armour
 e - a +0 ring mail (worn)
 g - a +0 pair of gloves (worn)
 h - a +0 cloak (worn)
 k - a +0 pair of boots (worn)
Scrolls
 a - 2 scrolls of identify
Potions
 f - a potion of might {unknown}
 i - a potion of resistance {unknown}
 n - a potion of enlightenment {unknown}

Dungeon Overview and Level Annotations

Branches:
Dungeon (3/15)

Altars:
Zin

Shops:
D:2 *


Message History

Waypoint 2 assigned to D:3.
You shoot an arrow. The arrow hits the ball python!
You kill the ball python!
a - 2 scrolls of identify (gained 1)
There is a stone staircase leading up here.
Found a robe.
An orc comes into view. It is wielding a +0 dagger.
You shoot an arrow.
The arrow hits the orc but does no damage.
An orc priest comes into view. It is wielding a +0 hand axe.
You shoot an arrow. The orc priest shouts!
The arrow hits the orc.
The orc is lightly wounded.
You hear a shout! x3
You shoot an arrow. The arrow barely misses the orc.
You shoot an arrow. The arrow barely misses the orc.
An orc comes into view. It is wielding a +0 dagger.
You shoot an arrow. The arrow closely misses the orc.
The orc hits you but does no damage.
The orc priest invokes the aid of Beogh against you.
Pain shoots through your body!
You shoot an arrow.
The arrow hits the orc but does no damage.
The orc is lightly wounded.
The orc closely misses you.
An orc comes into view. It is wielding a +0 trident.
The orc priest calls upon Beogh to heal the orc.
The orc's wounds heal themselves!
You shoot an arrow. The arrow hits the orc priest.
The orc priest is lightly wounded.
The orc hits you with a +0 dagger.
The orc priest calls down the wrath of Beogh upon you.
Beogh smites you!
You shoot an arrow. The arrow barely misses the orc priest.
The orc closely misses you.
The orc priest mumbles some strange prayers to Beogh against you.
Pain shoots through your body!
An orc comes into view.
It is wielding a +0 club and quivering silver boomerangs.
The orc hits you with a +0 dagger.
You die...

#.#.# #... #..# #..#
#..#
#.#######..#########.#
#.............oooo.o.#
#######..<.###@#
#..#.###.# #..#.....#
#..####..#####.# #..#
#........# #..#
#.######.# #..# #.#
#..# #.# #..# #.#


You could see an orc priest and 4 orcs.

Vanquished Creatures
  An adder (D:2)
  A worm (D:2)
  5 ball pythons
  4 endoplasms
  3 giant cockroaches
  4 goblins
  6 hobgoblins
  9 jackals (D:1)
  A quokka (D:1)
  2 bats (D:2)
  5 frilled lizards
  A kobold (D:1)
  5 rats
47 creatures vanquished.

Notes
Turn   | Place    | Note
-------+----------+-------------------------------------------
     0 | D:1      | qw the Minotaur Hunter began the quest for the Orb.
     0 | D:1      | Reached XP level 1. HP: 18/18 MP: 0/0
     0 | D:1      | 0 ||| qw: Version: 0.2-a-117-gc6b5c8b
     0 | D:1      | 0 ||| qw: Game counter: 2544
     0 | D:1      | 0 ||| qw: Always use a shield: true
     0 | D:1      | 0 ||| qw: God list: Okawaru
     0 | D:1      | 0 ||| qw: Allow faded altars: false
     0 | D:1      | 0 ||| qw: Do Orc after D:15 true
     0 | D:1      | 0 ||| qw: Do second Lair branch before Depths: true
     0 | D:1      | 0 ||| qw: Lair rune preference: random
     0 | D:1      | 0 ||| qw: Plans: Normal
     0 | D:1      | 0 ||| PLANNING D:1-11
   137 | D:1      | Reached XP level 2. HP: 23/25 MP: 1/1
   138 | D:1      | Reached skill level 5 in Ranged Weapons
   211 | D:1      | Found a faded altar of an unknown god.
   235 | D:1      | Reached skill level 3 in Fighting
   678 | D:1      | 678 ||| UPGRADING to +0 ring mail.
   688 | D:1      | 688 ||| DROPPING +0 leather armour.
   689 | D:1      | 689 ||| UPGRADING to +0 pair of gloves.
   694 | D:1      | 694 ||| READING scroll labelled QODWOGY JULEAMN.
   695 | D:1      | 695 ||| READING scroll labelled RUCKIU OGIL.
   696 | D:1      | 696 ||| DROPPING scroll of butterflies.
   787 | D:2      | Reached XP level 3. HP: 30/31 MP: 2/2
   807 | D:2      | Reached skill level 1 in Armour
   875 | D:2      | Found a glowing silver altar of Zin.
  1052 | D:2      | Found Yhyrok's Assorted Antiques.
  1067 | D:2      | 1067 ||| BUYING copper wand (60 gold).
  1067 | D:2      | Bought a copper wand for 60 gold pieces
  1067 | D:2      | 1067 ||| SHOPLISTING encrusted opal ring (75 gold, have
                  | 31).
  1067 | D:2      | 1067 ||| BUYING fizzy silvery potion (13 gold).
  1067 | D:2      | Bought a fizzy silvery potion for 13 gold pieces
  1067 | D:2      | 1067 ||| BUYING glowing pink potion (13 gold).
  1067 | D:2      | Bought a glowing pink potion for 13 gold pieces
  1067 | D:2      | 1067 ||| SHOPLISTING lumpy orange potion (13 gold, have 5).
  1067 | D:2      | 1067 ||| SHOPLISTING scroll labelled ANTE XYRUO (15 gold,
                  | have 5).
  1067 | D:2      | 1067 ||| SHOPLISTING scroll labelled MYPUXU FEGH (15 gold,
                  | have 5).
  1067 | D:2      | 1067 ||| SHOPLISTING scroll labelled ZIPO WUNOHEOMEOPA (15
                  | gold, have 5).
  1103 | D:2      | 1103 ||| UPGRADING to +0 cloak.
  1109 | D:2      | 1109 ||| UPGRADING to +0 pair of boots.
  1532 | D:2      | 1532 ||| READING scroll labelled ANTE XYRUO.
  1533 | D:2      | 1533 ||| READING scroll labelled PAD WEHULI.
  1534 | D:2      | 1534 ||| DRINKING 3 fizzy silvery potions.
  1562 | D:2      | 1562 ||| READING 3 scrolls of identify.
  1562 | D:2      | 1562 ||| IDENTIFYING bubbling green potion
  1563 | D:2      | 1563 ||| READING 2 scrolls of identify.
  1563 | D:2      | 1563 ||| IDENTIFYING clear potion
  1564 | D:2      | 1564 ||| DROPPING potion of magic.
  1565 | D:2      | 1565 ||| DROPPING potion of attraction.
  1566 | D:2      | 1566 ||| DROPPING wand of mindburst (13).
  1567 | D:2      | 1567 ||| DROPPING 2 potions of lignification.
  1622 | D:3      | HP: 4/31 [orc priest/divine providence (12)]
  1623 | D:3      | HP: 1/31 [orc priest/nerve-wracking pain (3)]
  1623 | D:3      | Slain by an orc

Levels and vault maps discovered:
D:1:      reono_arrival_mine, layout_basic,
          shapermc_ecumenical_altar_flowoftime, minmay_misc_feat_columns
D:2:      layout_rooms, serial_shops, nicolae_shop_waterfront, serial_forest,
          infiniplex_forest_pool, infiniplex_forest_join,
          infiniplex_forest_straight_2, infiniplex_forest_lined_1,
          infiniplex_forest_clump_curved, basic_altar, minmay_quadrilaterals
D:3:      layout_loops_ring, dreamdust_wishing_well, uniq_natasha

Skill      XL: |  1  2  3 |
---------------+----------+-----
Ranged Weapons | 5 |  5.7
Fighting       | 3 |  3.0
Armour         | 1 |  1.0
Dodging        | |  2.1
Stealth        | |  0.7

Action                     || total
---------------------------++-------
   Fire: Shortbow          ||   139
    Use: Scroll            ||     6
         Potion            ||     1
 Armour: Leather armour    ||     6
         Ring mail         ||    19
  Dodge: Dodged            ||    36

Table legend:
 A = Non-vault XP
 B = Vault XP
 C = Vault XP percentage of total XP
 D = Non-vault monster count
 E = Vault monster count
 F = Vault count percentage of total count
                 A         B        C        D         E       F
            +---------+---------+-------+---------+---------+-------
      Total |      83 |      10 |  10.8 |      41 |       6 |  12.8
            +---------+---------+-------+---------+---------+-------
        D:1 |      35 |       0 |   0.0 |      20 |       0 |   0.0
        D:2 |      47 |      10 |  17.5 |      20 |       6 |  23.1
        D:3 |       1 |       0 |   0.0 |       1 |       0 |   0.0
            +---------+---------+-------+---------+---------+-------
